 Dungeon Crawl Stone Soup version 0.21.0 (webtiles) character file.

1567 letownia2 the Grappler (level 8, -6/49 HPs)
             Began as a Gargoyle Fighter on Jan 7, 2018.
             Mangled by an ogre
             ... wielding a +0 giant club
              (26 damage)
             ... on level 7 of the Dungeon.
             The game lasted 00:09:54 (4355 turns).

letownia2 the Grappler (Gargoyle Fighter)           Turns: 4355, Time: 00:09:55

Health: -6/49      AC: 16    Str: 20    XL:     8   Next: 90%
Magic:  8/8        EV:  9    Int: 11    God:
Gold:   146        SH:  0    Dex:  9    Spells: 7/7 levels left

rFire    . . .     SeeInvis .     - Unarmed
rCold    . . .     Gourm    .   (no shield)
rNeg     + . .     Faith    .   a - +0 scale mail
rPois    ∞         Spirit   .   (no helmet)
rElec    +         Reflect  .   (no cloak)
rCorr    .         Harm     .   (no gloves)
MR       .....                  (no boots)
Stlth    ..........             (no amulet)
HPRegen  0.16/turn              j - +3 ring of protection
MPRegen  0.11/turn              f - ring of loudness (curse)

@: no status effects
A: negative energy resistance 1, electricity resistance, unbreathing,
petrification resistance, rot immunity, AC +5
a: no special abilities


You were on level 7 of the Dungeon.
You were very hungry.

You visited 1 branch of the dungeon, and saw 7 of its levels.
You also visited: Sewer.

You collected 146 gold pieces.

Inventory:

Missiles
 w - 8 javelins (quivered)
Armour
 a - a +0 scale mail (worn)
 b - a +0 shield
 s - a cursed +0 chain mail
Jewellery
 f - a cursed ring of loudness (right hand)
 j - a +3 ring of protection (left hand)
 r - an uncursed ring of see invisible
Wands
 o - a wand of polymorph (22)
 v - a wand of random effects (35)
Scrolls
 e - 2 scrolls of noise {unknown}
 g - 3 scrolls of enchant armour {unknown}
 h - 5 scrolls of amnesia {unknown}
 i - a scroll of enchant weapon {unknown}
 l - 5 scrolls of remove curse {unknown}
 n - 2 scrolls of teleportation {unknown}
 q - 6 scrolls of identify {unknown}
 t - 4 scrolls of fear {unknown}
 y - a scroll of magic mapping {unknown}
 C - a scroll of summoning {unknown}
Potions
 c - 2 potions of might
 k - 2 potions of heal wounds {unknown}
 p - a potion of ambrosia {unknown}
 u - a potion of degeneration {unknown}
 x - a potion of berserk rage {unknown}
 z - a potion of curing {unknown}
 A - a potion of haste {unknown}
 B - a potion of magic {unknown}
Books
 m - a book of Cantrips

   Spells                             Type                      Level
   a - Confusing Touch                Hexes                        1
   b - Animate Skeleton               Necromancy                   1
   c - Summon Small Mammal            Summoning                    1
   d - Apportation                    Translocation                1
Comestibles
 d - 4 rations


   Skills:
 + Level 5.1 Fighting
 + Level 5.3 Armour
 - Level 3.2 Shields
 + Level 9.7 Unarmed Combat


You had 7 spell levels left.
You didn't know any spells.

Dungeon Overview and Level Annotations

Branches:
Dungeon (7/15)
 Temple: D:4-7

Altars:
Ashenzari
Dithmenos
Hepliaklqana
Nemelex Xobeh
Qazlal
Wu Jian

Annotations:
D:5 Pikel


Innate Abilities, Weirdness & Mutations

You are resistant to torment.
Your stone body is resilient. (AC +5)
You are immune to poison.
You resist negative energy. (rN+)
You are resistant to electric shocks. (rElec)
You can survive without breathing.
You are immune to petrification.
You are immune to rotting.


Message History

You are too injured to fight recklessly!
You are too injured to fight recklessly!
You are too injured to fight recklessly!
You are too injured to fight recklessly!
You are too injured to fight recklessly!
You are too injured to fight recklessly!
You are too injured to fight recklessly!
You are too injured to fight recklessly!
You are too injured to fight recklessly!
You are too injured to fight recklessly!
You hit the ogre.
The ogre is moderately wounded.
The ogre hits you but does no damage.
You punch the ogre!
The ogre is severely wounded.
You hit the ogre.
The ogre is severely wounded.
The ogre hits you with a giant club!!
Ouch! That really hurt!
You die...

#....##....#
........#....#
........#....#
........###'#########
........##...##.....#
##..... #..........#
....##..........#
................#
.......@^.......#
....>..O........#
....##...####...#
.... #.(.# ...# ..
..... ..# . ##.....
#..... .......


You could see an ogre.

Vanquished Creatures
  2 ice beasts
  A slave (D:4)
  2 phantoms (D:6)
  2 ogres (D:4)
  A tengu (D:4)
  A wyvern skeleton (D:6)
  A scorpion (D:4)
  5 wights (D:6)
  The ghost of CasualChangeling the Grasshopper, a weakling GnWn (D:3)
  2 crimson imps
  2 hounds
  4 orc wizards
  An iguana (D:4)
  2 centaur skeletons
  2 worker ants (D:4)
  A hound zombie (D:5)
  A hound skeleton (D:4)
  2 worker ant zombies (D:5)
  5 gnolls
  2 river rats (Sewer)
  4 adders
  A shadow imp (D:5)
  2 worms
  2 dart slugs
  2 leopard geckos
  10 orcs
  6 ball pythons
  3 bats
  3 giant cockroaches
  5 goblins
  3 hobgoblins
  3 kobolds
  2 quokkas
  6 frilled lizards
  8 rats
100 creatures vanquished.

Notes
Turn   | Place    | Note
-------+----------+-------------------------------------------
     0 | D:1      | letownia2 the Gargoyle Fighter began the quest for the Orb.
     0 | D:1      | Reached XP level 1. HP: 14/14 MP: 1/1
    93 | D:1      | Reached XP level 2. HP: 19/19 MP: 2/2
   199 | D:2      | Reached skill level 3 in Unarmed Combat
   356 | D:3      | Found a shadowy altar of Dithmenos.
   392 | D:3      | Reached XP level 3. HP: 18/23 MP: 3/3
   499 | D:2      | Reached skill level 4 in Unarmed Combat
   499 | D:2      | Reached XP level 4. HP: 15/28 MP: 4/4
   839 | D:3      | Noticed CasualChangeling's ghost (weakling GnWn)
   841 | D:3      | Found a sparkling altar of Nemelex Xobeh.
   849 | D:3      | Killed CasualChangeling's ghost
   849 | D:3      | Reached skill level 5 in Unarmed Combat
   849 | D:3      | Reached XP level 5. HP: 26/32 MP: 5/5
  1115 | D:4      | Noticed an ogre
  1117 | D:4      | Noticed a sky beast
  1135 | D:4      | Killed an ogre
  1135 | D:4      | Reached skill level 6 in Unarmed Combat
  1135 | D:4      | Reached XP level 6. HP: 15/37 MP: 6/6
  1205 | D:4      | Reached skill level 7 in Unarmed Combat
  1550 | D:4      | Reached XP level 7. HP: 39/41 MP: 7/7
  1586 | D:4      | Found a hazy altar of Hepliaklqana.
  1719 | D:4      | Reached skill level 8 in Unarmed Combat
  1804 | D:5      | Entered Level 5 of the Dungeon
  1985 | D:5      | Noticed Pikel
  2068 | D:5      | Found a shattered altar of Ashenzari.
  2345 | D:5      | Reached skill level 9 in Unarmed Combat
  2345 | D:5      | Reached XP level 8. HP: 30/46 MP: 8/8
  2805 | D:5      | Found an ornate altar of the Wu Jian Council.
  3094 | D:6      | Paralysed by fainting for 5 turns
  3108 | D:6      | Paralysed by fainting for 10 turns
  3152 | D:6      | Paralysed by fainting for 10 turns
  3164 | D:6      | Paralysed by fainting for 6 turns
  3338 | D:6      | Found a stormy altar of Qazlal.
  3417 | D:6      | Found a glowing drain.
  3427 | Sewer    | Entered a sewer
  3854 | D:6      | Reached skill level 5 in Armour
  3887 | D:6      | Reached skill level 5 in Fighting
  4355 | D:7      | Mangled by an ogre

Skill      XL: |  1  2  3  4  5  6  7  8 |
---------------+-------------------------+-----
Unarmed Combat | 3 4 5 6 7 9 |  9.7
Armour         | 5 |  5.3
Fighting       | 5 |  5.1
Shields        | |  3.2

Action                   |  1- 3 |  4- 6 |  7- 9 || total
-------------------------+-------+-------+-------++-------
Melee: Unarmed           |   110 |   152 |   337 ||   599
       Punch             |       |     1 |     9 ||    10
  Eat: Chunk             |       |     2 |     5 ||     7
       Ration            |       |       |     1 ||     1
Armor: Scale mail        |    78 |    78 |   150 ||   306
Dodge: Dodged            |    39 |    66 |   105 ||   210
Block: Shield            |    42 |       |       ||    42
